AoeStats
← dvdvnlng

Arabian Desert

509196659Analyzed
1v1 RM · 7d ago on Sep 25, 2026· 33m 35s· 2 players
Game mode
Random Map
Map size
Tiny (2 player)
Population
200
Speed
Normal
Resources
Standard
Victory
Conquest
Starting age
Dark Age
Ending age
Imperial Age
RankedLock teamsTeams togetherTeam positionsShared explorationLock speedFull tech treeHidden civsTurbo modeCheats
Victory
Defeat
🇺🇸 Franks · United States
1029
+13
🇺🇸 Slavs · United States
971
-13
dvdvnlng
10:28 Feudal Age
10:28 Man-at-Arms
17:04 Double-Bit Axe
19:40 Loom
20:46 Forging
20:57 Scale Mail Armor
21:40 Wheelbarrow
20:46 Horse Collar
26:16 Castle Age
27:11 Squires
26:33 Long Swordsman
26:34 Pikeman
27:56 Iron Casting
28:40 Bow Saw
28:57 Husbandry
29:08 Bloodlines
29:15 Chain Mail Armor
30:21 Light Cavalry
32:49 Scale Barding Armor
Killacammmmm461
9:21 Loom
11:34 Feudal Age
19:42 Man-at-Arms
21:14 Double-Bit Axe
27:03 Castle Age
26:13 Fletching
26:24 Padded Archer Armor
27:38 Bodkin Arrow
28:48 Husbandry
31:54 Leather Archer Armor
31:46 Scale Barding Armor
Connection lost

Rejoining the realm…

Still unreachable

The connection could not be restored.

Session expired

The server has moved on; the page needs a fresh start.